Map: Ruins of Seras

Players

llllllllllll - Winner!

  • Race: Terran Terran
  • League: Gold

wabbajack

  • Race: Zerg Zerg
  • League: Gold

VOD

Have the link to the VOD?

Description

Time

  • Played on: July 22, 2015, 2:35 a.m.
  • Length: 8:18
Show
View Real Time Build Order
Export as new Build Order

llllllllllll Terran - Winner!

Build Orders: Hellion Opening, Mech 

Get SALT Encoding   

  12  0:01  SCV  
  13  0:13  SCV  
  14  0:19  Supply Depot  
  14  0:26  SCV  
  15  0:33  Refinery  
  15  0:41  SCV  
  16  0:47  Barracks  
  16  0:53  SCV  
  17  1:05  SCV, Refinery  
  18  1:17  SCV  
  19  1:29  SCV  
  20  1:36  Factory  
  20  1:41  Orbital Command  
  20  1:42  Barracks Reactor  
  20  1:52  Supply Depot  
  20  2:08  SCV  
  21  2:20  SCV  
  22  2:27  Hellion x2, Barracks Tech Lab  
  26  2:35  Command Center  
  26  2:40  Supply Depot  
  26  2:51  Supply Depot  
  26  2:53  SCV  
  26  2:56  Hellion x2  
  31  3:02  Marauder  
  33  3:11  SCV  
  34  3:18  Hellion  
  34  3:37  Hellion  
  34  3:39  SCV, Hellion  
  37  3:44  Supply Depot  
  37  3:49  Marine  
  37  3:51  SCV  
  40  3:56  Orbital Command  
  39  4:03  SCV  
  39  4:07  Supply Depot  
  40  4:10  Hellion  
  40  4:11  Hellion, Marauder  
  46  4:28  SCV  
  46  4:30  Supply Depot, SCV  
  48  4:32  Hellion x2  
  48  4:33  Marauder  
  54  4:42  SCV  
  54  4:45  SCV  
  56  4:53  Supply Depot, Hellion x2  
  56  4:54  Marauder  
  56  4:55  SCV  
  63  5:05  Armory  
  63  5:10  Refinery  
  63  5:12  Refinery  
  63  5:16  Supply Depot  
  63  5:18  Hellion x2  
  63  5:19  Marauder  
  67  5:32  SCV  
  68  5:39  Hellion x2  
  68  5:40  Supply Depot, Marauder  
  74  5:50  SCV  
  74  5:55  Engineering Bay  
  75  5:57  Supply Depot  
  75  6:01  Factory  
  75  6:02  Factory  
  75  6:05  Factory  
  75  6:10  Supply Depot  
  73  6:20  SCV  
  73  6:23  Siege Tank  
  74  6:31  SCV  
  75  6:37  Marine  
  75  6:44  Marine  
  76  6:47  Widow Mine x2  
  76  6:50  Hellion  
  82  6:54  Widow Mine  
  82  6:55  Marine  
  83  7:11  Hellion  
  83  7:16  Hellion  
  83  7:20  Hellion  
  84  7:23  Hellion  
  85  7:33  Hellion  
  85  7:36  SCV x2  
  86  7:38  Hellion  
  86  7:42  Hellion  
  86  8:17  Factory Tech Lab  
  86  8:18  Factory Tech Lab x2  
Show
View Real Time Build Order
Export as new Build Order

wabbajack Zerg 

Build Orders: Hatch First 

Get SALT Encoding   

  12  0:01  Drone  
  13  0:13  Overlord  
  13  0:17  Drone  
  14  0:24  Extractor  
  14  0:25  Drone  
  15  0:32  Drone  
  16  0:36  Drone  
  17  0:56  Hatchery  
  16  0:59  Drone  
  16  1:02  Extractor  
  16  1:04  Drone  
  17  1:13  Drone  
  18  1:22  Spawning Pool  
  17  1:27  Drone  
  17  1:32  Drone  
  19  1:44  Overlord  
  19  2:02  Drone  
  19  2:05  Drone  
  21  2:09  Zergling x2  
  21  2:11  Queen  
  21  2:12  Queen  
  21  2:15  Metabolic Boost  
  26  2:26  Drone x3  
  29  2:35  Drone  
  30  2:41  Roach Warren  
  30  2:43  Overlord  
  29  2:48  Overlord  
  21  3:50  Spine Crawler  
  20  3:55  Spine Crawler  
  20  3:56  Spine Crawler  
  18  4:07  Drone x2  
  18  4:08  Drone x3  
  18  4:09  Drone  
  24  4:12  Drone x2  
  24  4:13  Drone  
  27  4:18  Roach x5  
  37  4:39  Roach  
  37  4:40  Roach x3  
  37  4:44  Overlord  
  37  4:45  Overlord  
  45  4:51  Zergling x4  
  47  4:55  Zergling x4  
  49  5:03  Baneling Nest  
  49  5:05  Zergling x2  
  49  5:06  Zergling x2  
  50  5:10  Zergling x2  
  50  5:11  Zergling x2  
  51  5:14  Zergling x2  
  51  5:16  Zergling x2  
  50  5:28  Zergling x2  
  50  5:29  Zergling x6  
  54  5:47  Drone  
  54  5:48  Drone x3  
  58  5:52  Overlord  
  58  5:54  Overlord  
  58  6:18  Zergling x12  
  64  6:21  Pneumatized Carapace  
  56  6:29  Evolution Chamber  
  45  6:37  Evolution Chamber  
  45  6:38  Evolution Chamber  
  43  6:41  Spine Crawler  
  43  6:42  Queen  
  35  6:54  Baneling x2  
  13  7:45  Roach  
  13  7:46  Roach x9  
Tags
 
Add a new tag
Caveats
  • Supply blocks, unpowered buildings, or Contaminate may cause inaccurate times.
  • Supply counts are checked every 10 seconds.